 Dungeon Crawl Stone Soup version 0.31.0-32-g396128a36d (webtiles) character file.

Game seed: 15467465007645699340

1702 Ahpoh the Grappler (level 8, -4/68 (75) HPs)
             Began as a Troll Shapeshifter on Apr 17, 2024.
             Was an Initiate of Qazlal.
             Slain by a wight
             ... wielding a +3 war axe
              (12 damage)
             ... on level 6 of the Dungeon.
             The game lasted 00:10:59 (3820 turns).

Ahpoh the Grappler (Troll Shapeshifter)             Turns: 3820, Time: 00:11:00

HP:   -4/68 (75)    AC:  4    Str: 23    XL:     8   Next: 73%
MP:   7/7           EV: 11    Int:  6    God:    Qazlal [......]
Gold: 357           SH:  0    Dex: 11    Spells: 7/7 levels left

rFire   . .          .
                       - Unarmed
rCold   . . .        (no shield)
rNeg    . . .        a - +0 animal skin
rPois   .            q - melded +0 hat
rElec   .            n - melded scarf {repulsion}
rCorr   .            (gloves unavailable)
SInv    .            (boots unavailable)
Will    .....        (no amulet)
Stlth   +            (no ring)
HPRegen 1.11/turn    (no ring)
MPRegen 0.10/turn

%: no passive effects
@: beast-form, drained
A: beast (slay +2), large, unfitting armour, claws 3, regeneration 1, shaggy fur
1, tough skin 1
a: Begin Untransformation, Renounce Religion


You were on level 6 of the Dungeon.
You worshipped Qazlal.
Qazlal was noncommittal.
You were a hulking beast.
You visited 2 branches of the dungeon, and saw 7 of its levels.
You also visited: Sewer.

You collected 357 gold pieces.

Inventory:

Missiles
 t - a throwing net (quivered)
Armour
 a - a +0 animal skin (worn)
 n - a scarf of repulsion (melded)
 q - a +0 hat (melded)
Jewellery
 g - an amulet of magic regeneration
 i - a ring of magical power
Talismans
 c - a beast talisman (active)
 d - a flux talisman
Wands
 v - a wand of charming (11)
 y - a wand of digging (5)
Scrolls
 e - a scroll of fog
 j - 4 scrolls of noise
 k - a scroll of enchant armour
 l - 2 scrolls of enchant weapon
 r - a scroll of teleportation {unknown}
 s - 2 scrolls of poison {unknown}
 u - 2 scrolls of immolation {unknown}
 w - 2 scrolls of vulnerability {unknown}
 x - 2 scrolls of identify
 z - 3 scrolls of silence {unknown}
 A - a scroll of brand weapon {unknown}
Potions
 b - a potion of lignification
 f - 2 potions of mutation {unknown}
 h - a potion of invisibility {unknown}
 m - a potion of attraction {unknown}
 o - 3 potions of might {unknown}
 p - 3 potions of curing {unknown}


   Skills:
 * Level 3.1 Fighting
 * Level 4.5 Dodging
 * Level 8.6 Unarmed Combat
 * Level 5.0 Shapeshifting


You had 7 spell levels left.
You didn't know any spells.
Your spell library contained the following spells:

 Spells                   Type           Power      Damage    Failure   Level
 Static Discharge         Conj/Air       0%         3-3/arc   58%         2
 Call Canine Familiar     Summ           0%         N/A       83%         3
 Sigil of Binding         Hex            0%         N/A       83%         3
 Airstrike                Air            0%         2d(0-16)  99%         4
 Dimensional Bullseye     Hex/Tloc       0%         N/A       99%         4
 Summon Lightning Spire   Summ/Air       0%         N/A       99%         4


Dungeon Overview and Level Annotations

Branches:
Dungeon (6/15)             Temple (1/1) D:5           Sewer (visited)

Altars:
Ashenzari
Cheibriados
Fedhas
Gozag
Hepliaklqana
Kikubaaqudgha
Makhleb
Nemelex Xobeh
Qazlal
Sif Muna
Trog
Uskayaw
Vehumet
Xom
Yredelemnul
Zin
The Shining One

Shops:
D:4 *


Innate Abilities, Weirdness & Mutations

You are a hulking beast.
Your limbs bulge with bestial killing power. (Slay +2)
You are too large for most types of armour.
You have claws for hands.
Your natural rate of healing is unusually fast.
You are covered in fur. (AC +1)
You have tough skin. (AC +1)


Message History

You kill the bombardier beetle!
Qazlal accepts your kill. The liquid fire burns you!
You shake off some of the fire as you move.
The liquid fire burns you!
You see here a bombardier beetle corpse.
You shake off some of the fire as you move.
The liquid fire burns you!
You shake off the liquid fire.
Found a leather armour.
You now have 357 gold pieces (gained 10).
A wight comes into view. It is wielding a +1 vampiric war axe.
A wight comes into view. It is wielding a +2 short sword.
A wight comes into view. It is wielding a +3 war axe.
A wight comes into view. It is wielding a +4 great sword.
The wight closely misses you.
You scratch the wight but do no damage. You barely miss the wight.
You claw the wight!
You destroy the wight!
Qazlal accepts your kill. The wight hits you with a +3 war axe!
You feel drained.
The wight hits you with a +1 vampiric war axe!
Your life force feels restored.
The wight hits you with a +4 great sword!
You feel drained. The wight hits you with a +3 war axe!
You feel drained. The wight barely misses you.
Things that are here:
10 gold pieces; a +2 short sword; a +0 robe The wight barely misses you.
The wight hits you but does no damage.
The wight hits you with a +1 vampiric war axe!
* * * LOW HITPOINT WARNING * * *
You feel drained.
* * * LOW HITPOINT WARNING * * *
The wight hits you with a +4 great sword.
* * * LOW HITPOINT WARNING * * *
You feel drained.
* * * LOW HITPOINT WARNING * * *
The wight attacks as it pursues you! The wight hits you with a +3 war axe!
You die...

#.#### ......
#..#....... ......
#..........
....#######......... .
.....#.#.#........####..
.......................
...#................#
..†#..........z[...#
.............$.zh..#
#.##.).....##.z.........
..#........##...........
............#..........#
##.........###........##
##...##.....#...........
##...###................
...... ###......#....###
.(.. .....


You could see 3 wights.

Vanquished Creatures
  Prince Ribbit (D:5)
  Menkaure (D:5)
  A water moccasin (D:5)
  An ice beast (D:5)
  A sky beast (D:5)
  A phantom (D:6)
  3 kobold brigands (Sewer)
  2 gnoll sergeants
  A wight (D:6)
  A howler monkey (D:5)
  2 bombardier beetles
  2 hounds
  2 jellies (D:4)
  An orc priest (D:4)
  2 sleepcaps
  2 iguanas
  An orc wizard (D:4)
  8 gnolls
  3 river rats
  7 adders
  2 white imps
  2 dart slugs (D:1)
  4 ribbon worms
  4 orcs
  7 endoplasms
  3 giant cockroaches
  11 goblins
  7 hobgoblins
  2 jackals (D:1)
  2 quokkas (D:1)
  6 ball pythons
  3 bats
  2 frilled lizards
  7 kobolds
  9 rats
114 creatures vanquished.

Notes
Turn   | Place    | Note
-------+----------+-------------------------------------------
     0 | D:1      | Ahpoh the Troll Shapeshifter began the quest for the Orb.
     0 | D:1      | Reached XP level 1. HP: 18/18 MP: 0/0
    71 | D:1      | Reached XP level 2. HP: 23/26 MP: 1/1
   396 | D:1      | Reached XP level 3. HP: 32/32 MP: 2/2
   626 | D:1      | Reached skill level 1 in Fighting
   785 | D:2      | Found a faded altar of an unknown god.
   858 | D:2      | You fall into a shaft and drop 2 floors!
   899 | D:4      | Found Jomu's General Store.
  1011 | D:3      | Found an opulent altar of Gozag.
  1184 | D:3      | Reached XP level 4. HP: 37/41 MP: 3/3
  1209 | D:3      | Reached skill level 4 in Unarmed Combat
  1266 | D:3      | Found a glowing drain.
  1274 | Sewer    | Entered a sewer
  1388 | Sewer    | Noticed a kobold brigand
  1405 | Sewer    | Killed a kobold brigand
  1406 | Sewer    | Reached XP level 5. HP: 30/48 MP: 4/4
  1513 | Sewer    | Reached skill level 5 in Unarmed Combat
  1513 | Sewer    | Reached XP level 6. HP: 44/55 MP: 5/5
  2038 | D:4      | Reached skill level 6 in Unarmed Combat
  2048 | D:4      | Reached XP level 7. HP: 37/65 MP: 6/6
  2252 | D:4      | Found a shimmering altar of Xom.
  2997 | D:5      | Entered Level 5 of the Dungeon
  3045 | D:5      | Noticed Menkaure
  3053 | D:5      | Killed Menkaure
  3106 | D:5      | Reached skill level 7 in Unarmed Combat
  3146 | D:5      | Noticed Prince Ribbit
  3150 | D:5      | Killed Prince Ribbit
  3151 | D:5      | Reached XP level 8. HP: 50/74 MP: 7/7
  3396 | D:5      | Found a hazy altar of Hepliaklqana.
  3402 | D:5      | Reached skill level 8 in Unarmed Combat
  3548 | D:5      | Found a staircase to the Ecumenical Temple.
  3559 | Temple   | Entered the Ecumenical Temple
  3614 | Temple   | Became a worshipper of Qazlal Stormbringer
  3785 | D:6      | Reached skill level 5 in Shapeshifting
  3820 | D:6      | Slain by a wight

Illustrated notes

Levels and vault maps discovered:
D:1:      dpeg_arrival_tiny_c, layout_basic, minmay_tripent
D:2:      layout_basic, hellmonk_ecumenical_altar_heavens_door,
          nicolae_hexahallways, minmay_misc_feat_encased
D:3:      layout_rooms, nicolae_gozag_seed_capital, lightli_sewer_entry_pipes
D:4:      layout_gridville, dk_xom_monty_hall, serial_shops, shop
D:5:      layout_basic, nicolae_overflow_crystal_walls,
          minmay_temple_entry_fiery, uniq_prince_ribbit1, uniq_menkaure
D:6:      layout_cave_pools
Temple:   nicolae_temple_great_sept

Skill      XL: |  1  2  3  4  5  6  7  8 |
---------------+-------------------------+-----
Fighting       | 1 2 3 |  3.1
Dodging        | 2 3 4 |  4.5
Unarmed Combat | 4 5 6 7 8 |  8.6
Shapeshifting  | 4 5 |  5.0

Action                     |  1- 3 |  4- 6 |  7- 9 || total
---------------------------+-------+-------+-------++-------
  Melee: Unarmed           |    94 |   115 |    77 ||   286
         Punch             |       |     4 |     3 ||     7
    Use: Scroll            |       |     6 |       ||     6
   Stab: Sleeping          |     3 |       |       ||     3
 Armour: Animal skin       |    69 |    99 |    62 ||   230
  Dodge: Dodged            |    45 |    43 |    29 ||   117
   Form: Beast             |       |     2 |     1 ||     3
                           |       |     1 |     1 ||     2
